 Dungeon Crawl Stone Soup version 0.30-a0-802-gb92711bcdf (webtiles) character file.

Game seed: 18202969155358633446

366 ders the Magician (level 7, -1/45 HPs)
             Began as a Djinni Conjurer on Feb 23, 2023.
             Was an Initiate of Ashenzari.
             Slain by an orc
             ... wielding a +0 hand axe
              (4 damage)
             ... on level 4 of the Dungeon.
             The game lasted 00:04:51 (3250 turns).

ders the Magician (Djinni Conjurer)                 Turns: 3250, Time: 00:04:52

Health: -1/45      AC:  7    Str:  8    XL:     7   Next: 0%
Gold:   227        EV: 12    Int: 27    God:    Ashenzari [......] SH:  0 Dex: 18

rFire   + + .      SeeInvis .    s - +1 rapier "Jema" {heavy, Str+2 Dex+6}
rCold   x . .      Faith    .    (no shield)
rNeg    . . .      Spirit   .    a - +1 robe
rPois   ∞          Reflect  .    (no helmet)
rElec   .          Harm     .    (no cloak)
rCorr   .          Rampage  .    (no gloves)
Will    .....                    (boots unavailable)
Stlth   ++                       b - amulet of the acrobat
HPRegen 0.27/turn                h - +6 ring of intelligence
MPRegen 0.00/turn                p - +4 ring of protection

@: flying
A: sickness immunity, fire resistance 2, cold vulnerability 1, float, innate
caster, HP casting, extra vitality 1
a: Renounce Religion


You were on level 4 of the Dungeon.
You worshipped Ashenzari.
Ashenzari was noncommittal.
You visited 1 branch of the dungeon, and saw 5 of its levels.

You collected 227 gold pieces.

Inventory:

Hand Weapons
 n - a +1 sling
 s - the +1 rapier "Jema" (weapon) {heavy, Str+2 Dex+6}
   (You found it on level 4 of the Dungeon)

   Str:       It affects your strength (+2).
   Dex:       It affects your dexterity (+6).
Armour
 a - a +1 robe (worn)
 e - a +0 buckler
Jewellery
 b - an amulet of the acrobat (around neck)
 h - a +6 ring of intelligence (left hand)
 p - a +4 ring of protection (right hand)
Wands
 j - a wand of charming (8)
 v - a wand of roots (11)
Scrolls
 c - a scroll of identify
 i - a scroll of fear
 k - 2 scrolls of teleportation
Potions
 d - a potion of berserk rage {unknown}
 f - 3 potions of degeneration {unknown}
 g - 2 potions of mutation {unknown}
 l - a potion of might {unknown}
 m - a potion of flight {unknown}
 o - 2 potions of invisibility {unknown}


   Skills:
 - Level 2.1 Dodging
 - Level 1.5 Stealth
 + Level 6.1 Spellcasting


You knew the following spells:

 Your Spells              Type           Power      Damage    Failure   Level
a - Magic Dart            Conj           100%       1d8       1%          1
b - Searing Ray           Conj           82%        2d7       1%          2
c - Dazzling Flash        Conj/Hex       82%        N/A       1%          3
d - Fulminant Prism       Conj/Hex       20%        3d12      5%          4
e - Iskenderun's Mystic   Conj/Tloc      41%        2d9       5%          4
f - Slow                  Hex            100%       N/A       1%          1
g - Momentum Strike       Conj/Tloc      82%        3d10      1%          2
h - Passwall              Tmut/Erth      34%        N/A       1%          2
Your spell library was empty.

Dungeon Overview and Level Annotations

Branches:
Dungeon (5/15)
 Temple: D:4-7

Altars:
Ashenzari
Cheibriados
Elyvilon
Makhleb
Okawaru
Xom


Innate Abilities, Weirdness & Mutations

You are immune to sickness and miasma.
You are immune to poison.
Your flesh is very heat resistant. (rF++)
You are vulnerable to cold. (rC-)
You float through the air rather than walking.
You learn spells naturally, not from books.
Your magical power is your life essence.
You have superior vitality. (+4 MHP)


Message History

Aim: an ice beast (almost dead, 81% to hit)
The searing ray hits the ice beast!
You kill the ice beast! (Press . to maintain the ray.)
An orc comes into view. It is wielding a +0 dagger.
Your magical contamination has completely faded away.
Your Spellcasting skill increases to level 6!
You have reached level 7!
The power to cast Passwall wells up from within.
Spell assigned to 'h'.
An orc and an orc priest come into view.
The orc priest is wielding a +1 heavy hand axe.
Okay, then.
The orc completely misses you.
The orc priest mumbles some strange prayers to Beogh against you.
Beogh smites you!
* * * LOW HITPOINT WARNING * * *
You hear a shout!
The orc attacks as you move away! The orc completely misses you.
The orc hits you but does no damage. The orc attacks as you move away!
The orc completely misses you. The orc attacks as you move away!
The orc completely misses you.
There is a stone staircase leading up here.
The orc hits you but does no damage.
You fly upwards.
There is a stone staircase leading down here.
Casting: Searing Ray (safe; 1% risk of failure)
Confirm with . or Enter, or press ? or * to list all spells.
You don't have enough health to cast this spell.
Okay, then.
Casting: Searing Ray (safe; 1% risk of failure)
Confirm with . or Enter, or press ? or * to list all spells.
Aiming: Magic Dart (safe; 1% risk of failure)
Press: ? - help, Shift-Dir - straight line, f - orc
Aim: an orc, wielding a +0 hand axe and wearing a +0 leather armour (100% to hit)
The magic dart hits the orc.
The orc is lightly wounded.
* * * LOW HITPOINT WARNING * * *
The orc hits you with a +0 hand axe.
You die...

....#...###..........##...(.###..
....#...##)...........#..#.####..
...##.#.........)##..#..##.##.##.
......#...).....##......#........
..#......#......##.#........)#...
..#.....####....#......#..##.##..
.........####..........#)..#.....
..........# ###..o####.....##....
##...#....# #..@..###..####.....
#....#.#..####..o...#..........##
.#.....##...........#...##..#...#
.#.###.#...............#...##....
...###..............#............
........#............###....#.###
...#..###...........## #.#.####
...#.## ##........### ###.#
....## #####.##..# #.#


You could see 2 orcs.

Vanquished Creatures
  An ice beast (D:5)
  A scorpion (D:4)
  A howler monkey (D:4)
  A hound (D:5)
  An iguana (D:5)
  5 adders
  An ufetubus (D:4)
  A worm (D:2)
  3 dart slugs
  6 orcs
  5 endoplasms
  5 giant cockroaches
  6 goblins
  3 hobgoblins
  4 kobolds
  2 quokkas
  4 ball pythons
  5 bats
  4 frilled lizards
  7 rats
66 creatures vanquished.

Vanquished Creatures (others)
  4 fulminant prisms
4 creatures vanquished.

Grand Total: 70 creatures vanquished

Notes
Turn   | Place    | Note
-------+----------+-------------------------------------------
     0 | D:1      | ders the Djinni Conjurer began the quest for the Orb.
     0 | D:1      | ders set off with the following spells memorised: Magic
                  | Dart, Searing Ray, Dazzling Flash, Fulminant Prism,
                  | Iskenderun's Mystic Blast.
     0 | D:1      | Reached XP level 1. HP: 15/15 MP: 0/0
   217 | D:1      | Reached XP level 2. HP: 20/21 MP: 0/0
   303 | D:1      | You are sucked into a shaft and drop 1 floor!
   399 | D:1      | Reached XP level 3. HP: 24/25 MP: 0/0
   399 | D:1      | Learned a level 1 spell: Slow
   587 | D:1      | Reached skill level 4 in Spellcasting
  1133 | D:2      | Reached XP level 4. HP: 28/31 MP: 0/0
  2468 | D:4      | Identified the +1 rapier "Jema" {heavy, Str+2 Dex+6}
  2544 | D:4      | Noticed a scorpion
  2554 | D:4      | Killed a scorpion
  2555 | D:4      | Reached skill level 5 in Spellcasting
  2555 | D:4      | Reached XP level 5. HP: 25/35 MP: 0/0
  2555 | D:4      | Learned a level 2 spell: Momentum Strike
  2776 | D:4      | Found a burning altar of Makhleb.
  2776 | D:4      | Noticed a cacodemon
  2814 | D:4      | Reached XP level 6. HP: 34/40 MP: 0/0
  2914 | D:4      | Found a white marble altar of Elyvilon.
  2918 | D:4      | Found an iron altar of Okawaru.
  2918 | D:4      | Found a broken altar of Ashenzari.
  2926 | D:4      | Found a shimmering altar of Xom.
  2931 | D:4      | Became a worshipper of Ashenzari the Shackled
  2938 | D:4      | Found a snail-covered altar of Cheibriados.
  3103 | D:5      | Entered Level 5 of the Dungeon
  3218 | D:5      | Noticed an ice beast
  3242 | D:5      | Killed an ice beast
  3243 | D:5      | Reached skill level 6 in Spellcasting
  3243 | D:5      | Reached XP level 7. HP: 18/45 MP: 0/0
  3243 | D:5      | Learned a level 2 spell: Passwall
  3250 | D:4      | Slain by an orc

Illustrated notes

Levels and vault maps discovered:
D:1:      spicycebolla_arrival_ecumenical, layout_basic, hangedman_decor_lopped,
          nrook_mini_vaults
D:2:      layout_loops_corners, st_stairs_11, kennysheep_generic_room_8
D:3:      layout_loops_corners, st_stairs_13
D:4:      layout_cave_pools, minmay_overflow_temple_star_hex,
          makhleb_altar_promises_db
D:5:      layout_cave_pools, gup_ossuary_entry_pyramid

Skill      XL: |  1  2  3  4  5  6 |
---------------+-------------------+-----
Spellcasting   | 4 5 6 |  6.1
Dodging        | |  2.1
Stealth        | |  1.5

Action                     |  1- 3 |  4- 6 |  7- 9 || total
---------------------------+-------+-------+-------++-------
   Cast: Magic Dart        |    53 |    51 |     1 ||   105
         Searing Ray       |     6 |    21 |       ||    27
         Fulminant Prism   |       |     4 |       ||     4
    Use: Scroll            |       |     7 |       ||     7
 Armour: Robe              |     1 |     1 |     2 ||     4
  Dodge: Dodged            |     3 |     6 |     4 ||    13

Table legend: (Time is in decaauts)
 A = Elapsed time spent in this place.
 B = Non-inter-level travel time spent in this place.
 C = Inter-level travel time spent in this place.
 D = Time resting spent in this place.
 E = Time spent auto-exploring this place.
 F = Levels seen in this place.
 G = Mean time per level.
                   A        B        C        D        E       F      G
               +--------+--------+--------+--------+--------+-----+--------+
         Total |   3246 |   3196 |     50 |     73 |   2788 |   5 |  649.2 |
       Dungeon |   3246 |   3196 |     50 |     73 |   2788 |   5 |  649.2 |
               +--------+--------+--------+--------+--------+-----+--------+

Top non-repeatable levels by time:
     D:2: 887 daAuts
     D:3: 850 daAuts
     D:1: 721 daAuts
     D:4: 641 daAuts
     D:5: 145 daAuts
